 Dungeon Crawl Stone Soup version 0.25.1-2-g60ff931df9 (webtiles) character file.

Game seed: 2329516710107992203

53218 Almogavar the Warrior (level 14, -5/136 HPs)
             Began as a Minotaur Berserker on Sept 5, 2020.
             Was the Champion of Trog.
             Slain by a death yak simulacrum (10 damage)
             ... on level 5 of the Lair of Beasts.
             The game lasted 01:11:42 (18496 turns).

Almogavar the Warrior (Minotaur Berserker)         Turns: 18496, Time: 01:11:42

Health: -5/136     AC: 17    Str: 27    XL:     14   Next: 30%
Magic:  16/16      EV: 21    Int:  4    God:    Trog [******]
Gold:   1068       SH:  5    Dex: 12    Spells: 13/13 levels left

rFire    . . .     SeeInvis +   a - +2 double sword "Ivoimpam" {flame, rElec}
rCold    + . .     Gourm    .   (no shield)
rNeg     . . .     Faith    .   n - +3 ring mail {rC+}
rPois    .         Spirit   .   (helmet restricted)
rElec    +         Reflect  +   m - +0 cloak
rCorr    .         Harm     .   (no gloves)
MR       ++...                  p - +1 pair of boots of the Demon Prince {+Blink MR- Str+2 SInv}
Stlth    +.........             B - amulet of reflection
HPRegen  1.32/turn              r - +4 ring of protection
MPRegen  0.15/turn              l - +4 ring of evasion

@: regenerating, drained
A: retaliatory headbutt, horns 2
a: Berserk, Trog's Hand, Brothers in Arms, Renounce Religion, Evoke Blink


You were on level 5 of the Lair of Beasts.
You worshipped Trog.
Trog was exalted by your worship.
You were very hungry.

You visited 3 branches of the dungeon, and saw 17 of its levels.
You also visited: Bailey.

You collected 1863 gold pieces.
You spent 795 gold pieces at shops.

Inventory:

Hand Weapons
 a - the +2 double sword "Ivoimpam" (weapon) {flame, rElec}
   (Trog gifted it to you on level 1 of the Orcish Mines)

   It has been specially enchanted to burn those struck by it, causing extra
   injury to most foes and up to half again as much damage against particularly
   susceptible opponents.
   Big, fiery blades are also staple armaments of hydra-hunters.
   It insulates you from electricity.
 b - a +0 hunting sling of freezing
Missiles
 h - 161 sling bullets
 y - 2 boomerangs of dispersal
 E - 87 boomerangs (quivered)
 J - 6 silver boomerangs
Armour
 m - a +0 cloak (worn)
 n - a +3 ring mail of cold resistance (worn)
 p - the +1 pair of boots of the Demon Prince (worn) {+Blink MR- Str+2 SInv}
   (You found it on level 4 of the Dungeon)

   It affects your strength (+2).
   It affects your resistance to hostile enchantments.
   It lets you see invisible.
   It lets you blink.
 x - the +1 pair of boots of Jinnel {rPois rN+ Int-4 SInv}
   (You found it on level 8 of the Dungeon)

   It affects your intelligence (-4).
   It protects you from poison.
   It protects you from negative energy.
   It lets you see invisible.
 z - a +0 chain mail
 D - the +2 buckler of the Harp {rC++ rCorr Slay+2}
   (You acquired it on level 9 of the Dungeon)

   It affects your accuracy and damage with ranged weapons and melee attacks
   (+2).
   It greatly protects you from cold.
   It provides partial protection from all sources of acid and corrosion.
Jewellery
 l - a +4 ring of evasion (right hand)
 r - a +4 ring of protection (left hand)
 t - the ring "Uxkiar" {rElec rPois rF+ SInv}
   (You bought it in a shop on level 2 of the Orcish Mines)

   [ring of poison resistance]

   It protects you from fire.
   It insulates you from electricity.
   It protects you from poison.
   It lets you see invisible.
 B - an amulet of reflection (around neck)
 F - an uncursed amulet of the acrobat
 I - an uncursed ring of stealth
Wands
 v - a wand of enslavement (10)
 A - a wand of acid (17)
 K - a wand of clouds (10)
 O - a wand of disintegration (13)
 P - a wand of paralysis (17)
 Q - a wand of polymorph (7)
 R - a wand of flame (23)
 U - a wand of iceblast (10)
 V - a wand of random effects (12)
Scrolls
 e - a scroll of fear
 w - 10 scrolls of teleportation
 C - 4 scrolls of remove curse
 G - a scroll of fog
 L - 2 scrolls of enchant weapon
 N - a scroll of holy word
 T - a scroll of blinking
Potions
 d - 2 potions of invisibility
 f - 9 potions of curing
 g - 4 potions of haste {unknown}
 i - 9 potions of mutation {unknown}
 j - a potion of ambrosia {unknown}
 k - 4 potions of cancellation {unknown}
 q - 2 potions of flight {unknown}
 s - 2 potions of magic {unknown}
 u - a potion of might
 H - 2 potions of degeneration {unknown}
 M - 3 potions of lignification
 S - 2 potions of resistance {unknown}
Comestibles
 c - 35 rations


   Skills:
 + Level 15.6(14.5) Fighting
 - Level 14.1(13.0) Long Blades
 + Level 11.3(10.4) Slings
 - Level 1.1(5.8) Throwing
 - Level 9.0(8.1) Armour
 + Level 12.1(11.1) Dodging
 - Level 1.1(0.4) Stealth
 - Level 6.0(5.1) Shields
 + Level 4.8(4.0) Evocations


You had 13 spell levels left.
You didn't know any spells.
Your spell library was empty.

Dungeon Overview and Level Annotations

Branches:
Dungeon (10/15)            Temple (0/1) D:4            Lair (5/6) D:9
 Shoals (0/4) Lair:2       Spider (0/4) Lair:3        Slime (0/5) Lair:5
    Orc (2/2) D:10            Elf (0/3) Orc:2        Bailey (visited)

Altars:
Cheibriados
Dithmenos
Fedhas
Gozag
Kikubaaqudgha
Nemelex Xobeh
Sif Muna
Trog
Uskayaw
Zin
Beogh

Shops:
D:4 !   D:10 [   Orc:1 [   Orc:2 :*(==

Annotations:
D:10 3 runed translucent doors, exclusion: obsidian statue, Timinator's ghost, novice DsAM


Innate Abilities, Weirdness & Mutations

You reflexively headbutt those who attack you in melee.
You have a pair of horns on your head.


Message History

The ice beast dies!
Kutuagui's ghost casts a spell at your iron troll.
Your iron troll resists.
Your iron troll is frozen.
Your iron troll bites the dream sheep simulacrum!!
Your iron troll barely misses the dream sheep simulacrum.
Your iron troll claws the dream sheep simulacrum!!
The dream sheep simulacrum vapourises!
Trog accepts your kill. Kutuagui's ghost hits your iron troll.
Your iron troll completely misses Kutuagui's ghost.
Your iron troll claws Kutuagui's ghost!!
Kutuagui's ghost is destroyed!
Trog accepts your kill.
Trog appreciates your killing of a magic user.
Your iron troll rages.
The death yak simulacrum gores you!
* * * LOW HITPOINT WARNING * * *
The death yak simulacrum freezes you! You resist.
You die...

..>..........#......#.....##.....
.......#.....##....###>....#.....
............##..P...#......#.#..#
.......#....P###...###.########..
.............##.#....P.#.#.#.#...
.#.#.#.#...............#.....#...
.......................'...:##...
.......................'...[.#...
................@Z.T...'...$##...
.......................#.....##..
..#....#P...####.......#.#.#.####
..#.#..#.P..##.........#########.
.......#P..........##.......#....
........P..........#.............
...............................#.
............PP...................
..#P.P##.....#......#.......##P#.


You could see a death yak simulacrum and a friendly iron troll (summoned,
berserk).

Vanquished Creatures
  Josephine (Orc:1)
  An ice dragon (Lair:4)
  4 hydras
  Fannar (D:10)
  Erica (Lair:2)
  A catoblepas (Lair:5)
  4 two-headed ogres
  A queen ant (Lair:3)
  Urug (Lair:1)
  Sonja (D:10)
  2 deep trolls (Orc:2)
  A spectral hydra (Lair:5)
  An orc sorcerer (D:8)
  2 orc knights
  An ugly thing (D:8)
  A wizard (D:8)
  3 cyclopes
  16 elephants
  Joseph (D:10)
  4 black mambas
  8 spiny frogs
  4 rime drakes
  2 komodo dragons (Lair:5)
  3 trolls
  A hornet (D:10)
  A spectral black mamba (Lair:5)
  A snapping turtle (Lair:2)
  2 hippogriffs
  A spriggan (D:7)
  4 wraiths
  46 yaks
  A wyvern (Lair:5)
  2 redbacks (Lair:3)
  A basilisk (D:9)
  10 water moccasins
  7 soldier ants (Lair:3)
  A sky beast (D:6)
  11 porcupines
  2 black bears
  12 orc warriors
  6 wolves (Lair:1)
  A black mamba simulacrum (Lair:5)
  3 ice beasts
  16 ogres
  A centaur (D:9)
  9 crocodiles
  A big kobold (D:9)
  4 bullfrogs
  Dowan (D:4)
  A scorpion (D:10)
  5 killer bees (D:8)
  An electric eel (Lair:3)
  2 howler monkeys
  2 centaur zombies
  6 crimson imps
  3 quasits
  2 bullfrog zombies
  4 hounds
  5 jellies
  8 orc priests
  4 centaur skeletons
  8 iguanas
  17 orc wizards
  32 worker ants
  A hound skeleton (D:9)
  A mummy (D:6)
  A howler monkey skeleton (D:7)
  16 gnolls
  13 adders
  12 river rats
  7 shadow imps
  An ooze (D:2)
  An adder skeleton (D:8)
  An adder zombie (D:5)
  4 worms
  4 dart slugs
  5 leopard geckos
  66 orcs
  2 ball pythons
  2 giant cockroaches
  6 goblins
  9 hobgoblins (Bailey)
  7 jackals
  21 kobolds
  3 quokkas
  10 bats
  4 frilled lizards
  A quokka skeleton (D:7)
  A quokka zombie (D:8)
  17 rats
526 creatures vanquished.

Vanquished Creatures (collateral kills)
  Nessos (Orc:2)
  The ghost of Kutuagui the Gelid, a journeyman DrIE of Vehumet (Lair:5)
  5 two-headed ogres (Orc:2)
  2 ogre magi (Orc:2)
  A spectral hydra (Lair:5)
  5 trolls (Orc:2)
  A spectral spiny frog (Lair:5)
  An orc warrior (Orc:2)
  5 ogres (Orc:2)
  A dream sheep simulacrum (Lair:5)
  An orc priest (Orc:2)
  An orc (Orc:2)
25 creatures vanquished.

Vanquished Creatures (others)
  Duvessa (D:4)
  3 fungi
  A plant (Lair:5)
5 creatures vanquished.

Grand Total: 556 creatures vanquished

Notes
Turn   | Place    | Note
-------+----------+-------------------------------------------
     0 | D:1      | Almogavar the Minotaur Berserker began the quest for the
                  | Orb.
     0 | D:1      | Reached XP level 1. HP: 19/19 MP: 0/0
    97 | D:1      | Reached XP level 2. HP: 27/27 MP: 1/1
   143 | D:1      | Reached skill level 4 in Fighting
   729 | D:1      | Reached ** piety under Trog
   729 | D:1      | Reached XP level 3. HP: 34/34 MP: 2/2
   829 | D:2      | Reached XP level 4. HP: 38/41 MP: 3/3
  1083 | D:2      | Found a faded altar of an unknown god.
  1207 | D:2      | Reached skill level 5 in Long Blades
  1618 | D:3      | Reached XP level 5. HP: 47/47 MP: 4/4
  2295 | D:4      | Noticed Duvessa
  2295 | D:4      | Noticed Dowan
  2310 | D:4      | Killed Duvessa
  2310 | D:4      | Reached skill level 5 in Fighting
  2310 | D:4      | Reached XP level 6. HP: 50/56 MP: 5/5
  2313 | D:4      | Killed Dowan
  2387 | D:4      | Got a pair of faintly glowing boots
  2393 | D:4      | Identified the +1 pair of boots of the Demon Prince {+Blink
                  | MR- Str+2 SInv} (You found it on level 4 of the Dungeon)
  2413 | D:4      | Found Quxoc's Distillery.
  2421 | D:4      | Bought a potion of heal wounds for 65 gold pieces
  2421 | D:4      | Bought a potion of might for 52 gold pieces
  2718 | D:4      | Noticed a +0 hand axe
  2719 | D:4      | Noticed a -1 dagger
  2722 | D:4      | Found a hide-covered altar of Uskayaw.
  2873 | D:4      | Found a staircase to the Ecumenical Temple.
  3052 | D:5      | Entered Level 5 of the Dungeon
  3160 | D:5      | Noticed an ice beast
  3165 | D:5      | Killed an ice beast
  3165 | D:5      | Reached skill level 5 in Armour
  3165 | D:5      | Reached XP level 7. HP: 61/61 MP: 6/6
  3296 | D:5      | Found a blossoming altar of Fedhas.
  3383 | D:5      | Reached skill level 1 in Throwing
  3661 | D:5      | Reached *** piety under Trog
  3755 | D:5      | Reached skill level 1 in Stealth
  4107 | D:6      | Found a snail-covered altar of Cheibriados.
  4202 | D:6      | Reached XP level 8. HP: 69/69 MP: 7/7
  4469 | D:6      | Found a shadowy altar of Dithmenos.
  4774 | D:6      | Reached **** piety under Trog
  4870 | D:7      | Reached skill level 5 in Dodging
  4900 | D:7      | Reached skill level 6 in Fighting
  5075 | D:7      | Reached skill level 10 in Long Blades
  5357 | D:7      | Found a bloodstained altar of Trog.
  5520 | D:7      | Reached XP level 9. HP: 70/78 MP: 8/8
  5556 | D:7      | Reached skill level 9 in Fighting
  5556 | D:7      | Reached XP level 10. HP: 91/91 MP: 8/12
  5962 | D:8      | Noticed a wizard
  5971 | D:8      | Noticed an orc sorcerer
  5976 | D:8      | Noticed an orange demon
  5979 | D:8      | Killed a wizard
  5994 | D:8      | Killed an orc sorcerer
  6192 | D:8      | Got a scintillating lead amulet
  6193 | D:8      | Identified the amulet of the Kraken {Inacc Dex+5} (You
                  | found it on level 8 of the Dungeon)
  6309 | D:8      | Found an ancient bone altar of Kikubaaqudgha.
  6309 | D:8      | Found a faded altar of an unknown god.
  6314 | D:8      | Found a faded altar of an unknown god.
  6316 | D:8      | Found a sparkling altar of Nemelex Xobeh.
  6318 | D:8      | Found a glowing silver altar of Zin.
  6359 | D:8      | Got a pair of shimmering boots
  6370 | D:8      | Identified the +1 pair of boots of Jinnel {rPois rN+ Int-4
                  | SInv} (You found it on level 8 of the Dungeon)
  6370 | D:8      | Lost intelligence.
  6401 | D:8      | Noticed a green ugly thing
  6418 | D:8      | Killed a green ugly thing
  6904 | D:8      | Found a shimmering blue altar of Sif Muna.
  7211 | D:9      | Noticed a cyclops
  7212 | D:9      | Found a flagged portal.
  7249 | D:9      | Reached ***** piety under Trog
  7254 | D:9      | Killed a cyclops
  7272 | Bailey   | Entered a bailey
  7799 | Bailey   | Noticed an orc knight
  7807 | Bailey   | Killed an orc knight
  8113 | D:9      | Noticed an elephant
  8131 | D:9      | Killed an elephant
  8220 | D:9      | Found a staircase to the Lair.
  8297 | D:9      | Reached XP level 11. HP: 86/99 MP: 13/13
  8314 | D:9      | Reached skill level 10 in Fighting
  8443 | D:9      | Noticed a two-headed ogre
  8459 | D:9      | Killed a two-headed ogre
  8939 | D:9      | Identified a scroll of acquirement
  8939 | D:9      | Acquired the +2 buckler of the Harp {rC++ rCorr Slay+2}
  8968 | D:10     | Entered Level 10 of the Dungeon
  8968 | D:10     | Found Ojuh's Armour Emporium.
  9061 | D:10     | Noticed Fannar
  9094 | D:10     | Killed Fannar
  9094 | D:10     | Reached skill level 1 in Shields
  9385 | D:10     | Found a staircase to the Orcish Mines.
  9417 | D:10     | Noticed Joseph
  9428 | D:10     | Killed Joseph
  9428 | D:10     | Reached skill level 10 in Dodging
  9662 | D:10     | Noticed Sonja
  9680 | D:10     | Killed Sonja
  9715 | D:10     | HP: 5/101 [poisoned by Sonja]
  9729 | D:10     | Reached skill level 1 in Slings
 10025 | D:10     | Found a runed translucent gate.
 10027 | D:10     | Found a runed translucent gate.
 10027 | D:10     | Found a runed translucent gate.
 10029 | D:10     | Found an opulent altar of Gozag.
 10030 | D:10     | Noticed an obsidian statue
 10030 | D:10     | Noticed Timinator's ghost (novice DsAM)
 10267 | Lair:1   | Entered Level 1 of the Lair of Beasts
 10591 | Lair:1   | Reached skill level 11 in Fighting
 10692 | Lair:1   | Noticed a five-headed hydra
 10939 | Orc:1    | Entered Level 1 of the Orcish Mines
 10939 | Orc:1    | Found Qothrour's Antique Armour Shoppe.
 11320 | Orc:1    | Reached XP level 12. HP: 56/110 MP: 14/14
 11541 | Orc:1    | Found a runed translucent door.
 12036 | Orc:1    | Received a gift from Trog
 12048 | Orc:1    | Got a fading double sword {god gift}
 12095 | Orc:1    | Found a roughly hewn altar of Beogh.
 12116 | Orc:1    | Identified the +2 double sword "Ivoimpam" {flame, rElec}
                  | (Trog gifted it to you on level 1 of the Orcish Mines)
 12167 | Orc:2    | Entered Level 2 of the Orcish Mines
 12275 | Orc:2    | Found Puperchul's Jewellery Shop.
 12534 | Orc:2    | Noticed Josephine
 12551 | Orc:1    | Killed Josephine
 12551 | Orc:1    | Reached skill level 5 in Slings
 12551 | Orc:1    | Reached skill level 5 in Shields
 12960 | Orc:2    | Noticed Nessos
 12973 | Orc:2    | Noticed a two-headed ogre
 12974 | Orc:2    | HP: 4/110 [Nessos/arrow (2)]
 12978 | Orc:2    | Killed Nessos
 12985 | Orc:2    | Killed a two-headed ogre
 12995 | Orc:2    | Noticed a two-headed ogre
 12998 | Orc:2    | Noticed a two-headed ogre
 13000 | Orc:2    | Killed a two-headed ogre
 13002 | Orc:2    | Killed a two-headed ogre
 13004 | Orc:2    | Noticed an ogre mage
 13008 | Orc:2    | Noticed a two-headed ogre
 13009 | Orc:2    | Noticed a two-headed ogre
 13009 | Orc:2    | Killed an ogre mage
 13011 | Orc:2    | Killed a two-headed ogre
 13013 | Orc:2    | Noticed an ogre mage
 13016 | Orc:2    | Killed an ogre mage
 13017 | Orc:2    | Killed a two-headed ogre
 13104 | Orc:2    | Reached skill level 12 in Fighting
 13235 | Orc:2    | Noticed a two-headed ogre
 13237 | Orc:2    | Noticed a two-headed ogre
 13242 | Orc:2    | Killed a two-headed ogre
 13248 | Orc:2    | Killed a two-headed ogre
 13307 | Orc:2    | Noticed a two-headed ogre
 13315 | Orc:2    | Killed a two-headed ogre
 13315 | Orc:2    | Reached XP level 13. HP: 91/119 MP: 15/15
 13437 | Orc:2    | Found Kaojosot's Antique Weapon Boutique.
 13442 | Orc:2    | Found a staircase to the Elven Halls.
 13444 | Orc:2    | Found Zeme's Book Shop.
 13446 | Orc:2    | Found Iseng's Jewellery Shoppe.
 13454 | Orc:2    | Found Edueh's General Store.
 13458 | Orc:2    | Bought the ring "Uxkiar" {rElec rPois rF+ SInv} for 678
                  | gold pieces
 13924 | Lair:1   | Noticed Urug
 13935 | Lair:1   | Killed Urug
 14531 | Lair:2   | Noticed Erica
 14535 | Lair:2   | Killed Erica
 14535 | Lair:2   | Reached ****** piety under Trog
 14647 | Lair:2   | Reached skill level 13 in Fighting
 15026 | Lair:2   | Found a staircase to the Shoals.
 15498 | Lair:3   | Found a hole to the Spider Nest.
 15752 | Lair:3   | Received a gift from Trog
 16620 | Lair:4   | Reached skill level 14 in Fighting
 16956 | Lair:4   | Reached skill level 10 in Slings
 17402 | Lair:5   | Found a staircase to the Slime Pits.
 17493 | Lair:5   | Found a runed translucent gate.
 17493 | Lair:5   | Found a runed translucent gate.
 17493 | Lair:5   | Found a runed translucent gate.
 17493 | Lair:5   | Noticed Kutuagui's ghost (journeyman DrIE)
 17683 | Lair:5   | Reached skill level 15 in Fighting
 17689 | Lair:5   | Reached XP level 14. HP: 134/135 MP: 16/16
 18072 | Lair:5   | Received a gift from Trog
 18489 | Lair:5   | HP: 5/135 [death yak simulacrum (15)]
 18494 | Lair:5   | Killed Kutuagui's ghost
 18496 | Lair:5   | HP: 5/136 [death yak simulacrum (14)]
 18496 | Lair:5   | Slain by a death yak simulacrum

Illustrated notes

Levels and vault maps discovered:
D:1:      matt_arrival_los_fun, layout_loops_ring
D:2:      layout_rooms, first_ration, chequers_ecumenical_altar_lobes,
          minmay_pentomino_z2
D:3:      layout_loops_ring, lightli_sewer_entry_pipes
D:4:      layout_gridville, dancing_weapons_uskayaw,
          minmay_temple_entry_enclosed_plants, serial_shops, nicolae_shop_stone,
          uniq_duvessa
D:5:      layout_loops_corners, nicolae_overflow_crystal_walls,
          chequers_serial_rivers_micro_a
D:6:      layout_gridville, slow_altar_1, lemuel_crystal_altar,
          dk_rats_in_the_wall
D:7:      layout_loops_corners, lightli_temple_of_fire, the_bakery,
          glass_columns_a
D:8:      cheibrodos_wizards_tower, layout_gridville,
          lemuel_coloured_pillars_altar, chequers_temple_overflow_minitemple,
          st_stairs_14
D:9:      layout_rooms, david_lair_generic, enter_bailey_2, dk_noncrumbling_3
D:10:     layout_basic, orc_0_dummy, serial_shops, shop, ebering_ghost_gozag,
          uniq_joseph, uniq_sonja, uniq_fannar
Lair:1:   layout_roguey, uniq_urug
Lair:2:   layout_small_grid, minmay_shoals_entry_hut, lemuel_fruit_tree,
          uniq_erica
Lair:3:   wander_river, layout_gridlike, spider_nest_entry_webs,
          zaba_antful_of_joy
Lair:4:   dragon1_lemuel, layout_regular_city
Lair:5:   layout_regular_city, minmay_slime_entry_pillars,
          gammafunk_ghost_necromancy, chequers_serial_rivers_room_a, st_stairs_4
Orc:1:    layout_caves, serial_shops, shop_fountains, lightli_church_of_beogh
Orc:2:    st_orc_open, layout_diamond_mine, serial_shops, nicolae_shop_trees,
          uniq_josephine, uniq_nessos

Skill      XL: |  1  2  3  4  5  6  7  8  9 10 11 12 13 14 |
---------------+-------------------------------------------+-----
Long Blades    | 4 5 6 8 10 11 13 14 | 14.1
Fighting       | 4 5 6 9 11 12 15 | 15.6
Armour         | 3 4 5 6 9 |  9.0
Dodging        | 3 4 5 8 9 10 11 12 | 12.1
Throwing       | 1 |  1.1
Stealth        | 1 |  1.1
Evocations     | 4 |  4.8
Shields        | 4 6 |  6.0
Slings         | 3 8 10 11 | 11.3

Action                   |  1- 3 |  4- 6 |  7- 9 | 10-12 | 13-15 || total
-------------------------+-------+-------+-------+-------+-------++-------
Melee: Falchion          |    39 |   110 |   221 |   504 |       ||   874
       Headbutt          |     4 |    24 |    62 |   182 |    99 ||   371
       Double sword      |       |       |       |    97 |   331 ||   428
 Fire: Hunting sling     |       |       |       |   103 |    98 ||   201
Throw: Stone             |       |     3 |     2 |       |       ||     5
       Boomerang         |       |       |       |    33 |       ||    33
Invok: Trog's Hand       |       |       |     1 |     3 |     1 ||     5
       Berserk           |       |       |       |     4 |       ||     4
       Brothers in Arms  |       |       |       |     1 |     1 ||     2
 Abil: Evoke Blink       |       |       |       |     1 |       ||     1
  Use: Scroll            |     3 |     4 |     7 |     3 |     6 ||    23
       Potion            |       |       |     1 |     6 |     1 ||     8
  Eat: Chunk             |       |     6 |     9 |    27 |    13 ||    55
       Ration            |       |       |       |     1 |     1 ||     2
Armor: Animal skin       |    13 |       |       |       |       ||    13
       Scale mail        |    10 |    37 |       |       |       ||    47
       Ring mail         |       |       |    77 |   146 |    84 ||   307
Dodge: Dodged            |    43 |    97 |   160 |   474 |   279 ||  1053
Block: Buckler           |       |       |       |    96 |       ||    96
       Other             |       |       |       |    27 |    69 ||    96
       Reflection        |       |       |       |     5 |       ||     5
       Rpst.: Falchion   |     8 |    19 |    38 |    78 |       ||   143
       Double sword      |       |       |       |    14 |    66 ||    80
